Map: Deathaura LE

Players

Anarchy - Winner!

  • Race: Terran Terran
  • League: Gold
  • Spawn Location: 5:00

Nikon

  • Race: Terran Terran
  • League: Silver
  • Spawn Location: 11:00

VOD

Have the link to the VOD?

Description

Time

  • Played on: Oct. 24, 2020, 11:28 a.m.
  • Length: 22:30
Show
View Real Time Build Order
Export as new Build Order

Anarchy Terran - Winner!

Build Orders: 2 Factory, Mech 

Get SALT Encoding   

  12  0:02  SCV  
  14  0:14  SCV  
  14  0:19  Supply Depot  
  14  0:26  SCV  
  15  0:29  Refinery  
  15  0:40  SCV  
  16  0:46  Barracks  
  16  0:53  SCV  
  17  1:05  SCV  
  18  1:17  SCV  
  19  1:33  Orbital Command  
  19  1:37  Barracks Tech Lab  
  19  1:39  Supply Depot  
  19  1:58  Command Center  
  19  2:05  Supply Depot  
  19  2:09  SCV  
  20  2:19  Refinery  
  20  2:21  SCV  
  21  2:34  SCV  
  22  2:39  Factory  
  22  2:45  Factory  
  22  2:46  SCV  
  23  2:53  Marine  
  23  2:58  SCV  
  25  3:10  SCV  
  26  3:22  SCV  
  27  3:34  SCV  
  27  3:38  Orbital Command  
  28  3:42  Factory Reactor  
  28  3:46  SCV  
  29  3:49  Supply Depot  
  29  3:50  Supply Depot  
  29  3:51  Supply Depot  
  29  3:58  SCV  
  29  3:59  Siege Tank  
  33  4:09  Marine  
  34  4:10  SCV  
  34  4:11  SCV  
  36  4:22  SCV, Engineering Bay  
  36  4:23  SCV  
  38  4:28  Refinery  
  38  4:29  Refinery  
  38  4:34  SCV  
  38  4:35  SCV  
  38  4:36  Siege Tank  
  38  4:38  Hellion x2  
  47  4:46  SCV  
  47  4:47  SCV  
  47  4:48  Supply Depot  
  47  4:49  Supply Depot  
  47  4:50  Supply Depot x2  
  49  4:59  SCV x2  
  51  5:03  Hellion x2  
  55  5:08  Siege Tank  
  55  5:11  SCV x2  
  60  5:23  SCV x2  
  60  5:26  Command Center  
  62  5:31  Missile Turret  
  62  5:33  Missile Turret  
  62  5:35  SCV x2  
  64  5:47  SCV x2  
  66  5:59  SCV  
  66  6:00  SCV  
  68  6:11  SCV  
  68  6:12  Siege Tank, SCV  
  68  6:17  Hellion x2  
  77  6:21  Armory  
  77  6:23  SCV  
  77  6:24  SCV  
  79  6:42  Armory  
  79  6:43  Armory  
  77  7:04  SCV x2  
  77  7:06  Siege Tank  
  82  7:09  Hellion x2  
  82  7:14  Neosteel Armor  
  86  7:16  SCV  
  86  7:17  SCV  
  88  7:27  Command Center  
  88  7:28  SCV  
  88  7:29  SCV  
  90  7:41  Planetary Fortress  
  90  7:52  Supply Depot x2  
  90  7:54  Supply Depot x2  
  90  7:55  Supply Depot  
  90  8:00  SCV x2  
  90  8:04  Thor  
  90  8:05  Hellbat x2  
  102  8:06  Missile Turret  
  102  8:08  Refinery  
  102  8:09  Refinery  
  102  8:12  SCV x2  
  104  8:15  Terran Vehicle Weapons Level 1, Terran Vehicle And Ship Armor Level 1  
  104  8:24  Supply Depot  
  104  8:25  Supply Depot  
  104  8:32  Sensor Tower  
  104  8:42  Command Center  
  104  8:47  Thor  
  110  8:58  Supply Depot  
  110  8:59  Supply Depot  
  110  9:01  Supply Depot  
  110  9:09  Factory  
  110  9:10  Factory  
  110  9:12  Factory  
  110  9:13  SCV x2  
  110  9:14  SCV  
  113  9:24  Hi-Sec Auto Tracking  
  113  9:25  Supply Depot x2, SCV x2  
  113  9:26  SCV  
  113  9:31  Hellbat x2  
  118  9:32  Thor  
  118  9:34  Planetary Fortress  
  118  9:37  SCV x2  
  118  9:38  SCV  
  130  9:52  SCV  
  130  9:53  SCV  
  130  9:54  SCV  
  130  9:59  Factory Tech Lab x2  
  132  10:00  Factory Tech Lab  
  132  10:08  Hellbat x2  
  132  10:10  Terran Vehicle Weapons Level 2  
  136  10:15  Thor  
  136  10:19  Missile Turret  
  142  10:22  Refinery  
  142  10:24  SCV x3, Refinery  
  142  10:25  SCV  
  146  10:36  SCV x3  
  146  10:37  Supply Depot, SCV  
  146  10:40  Hellbat  
  146  10:41  Supply Depot, Hellbat  
  154  10:44  Thor x3  
  172  10:58  Mag-Field Accelerator  
  172  10:59  Drilling Claws, Infernal Pre-Igniter, Smart Servos  
  176  11:04  Hellbat x2, Thor  
  182  11:13  SCV x3  
  182  11:16  SCV  
  186  11:26  Thor  
  186  11:27  Thor  
  198  11:39  Command Center  
  198  11:58  Sensor Tower  
  198  12:18  Planetary Fortress  
  194  12:46  Sensor Tower  
  194  12:47  Terran Vehicle And Ship Armor Level 2, Missile Turret, Terran Vehicle Weapons Level 3  
  194  12:49  Refinery x2  
  178  13:01  SCV x2  
  178  13:02  SCV x3  
  178  13:05  Thor x4  
  185  13:07  Hellbat  
  199  13:37  Unknown, Command Center  
  199  13:41  Unknown  
  189  15:01  Factory  
  189  15:02  Factory  
  189  15:04  Factory  
  189  15:09  Factory  
  181  15:26  SCV x2  
  181  15:27  SCV x3  
  180  15:38  Thor x3, SCV x2  
  200  15:54  Factory Tech Lab x4  
  200  16:10  Unknown, Missile Turret  
  200  16:12  Planetary Fortress  
  200  16:28  Terran Vehicle And Ship Armor Level 3  
  200  16:29  Terran Ship Weapons Level 1  
  182  17:32  Thor x2  
  182  17:33  Thor x4  
  200  19:17  Command Center  
  200  19:19  Refinery  
  200  19:20  Missile Turret, Refinery  
  194  20:22  Thor  
  200  20:47  Planetary Fortress  
Show
View Real Time Build Order
Export as new Build Order

Nikon Terran 

Build Orders:  

Get SALT Encoding   

  12  0:08  Refinery  
  12  0:21  SCV  
  12  0:22  Supply Depot  
  13  0:35  SCV  
  14  0:49  Barracks  
  14  0:51  SCV  
  15  1:03  SCV  
  16  1:15  SCV  
  17  1:27  SCV  
  18  1:39  SCV  
  19  1:43  Supply Depot  
  19  1:45  Marine  
  20  1:52  SCV  
  21  2:00  Factory  
  21  2:04  Marine  
  22  2:19  Orbital Command  
  22  2:32  Marine  
  23  2:46  Factory Tech Lab, Command Center, Barracks  
  23  2:50  SCV  
  24  3:05  Barracks  
  24  3:10  Engineering Bay  
  24  3:15  Siege Tank  
  27  3:29  Marine  
  27  3:30  Barracks  
  28  3:37  SCV  
  29  3:44  Supply Depot  
  29  3:49  SCV  
  30  3:57  Marine x2  
  30  4:00  Engineering Bay  
  32  4:09  SCV  
  33  4:19  Marine x3  
  33  4:21  SCV  
  37  4:25  Marine  
  38  4:33  SCV  
  38  4:38  Terran Infantry Weapons Level 1  
  39  4:40  Terran Infantry Armor Level 1  
  39  4:45  SCV  
  39  4:46  Armory  
  40  4:53  Starport  
  40  4:57  SCV  
  41  5:09  SCV  
  41  5:10  Marine x2, SCV  
  41  5:11  Marine  
  46  5:14  Cyclone  
  46  5:19  Supply Depot  
  49  5:22  SCV  
  50  5:29  Marine x4  
  54  5:40  Supply Depot, SCV  
  55  5:46  Marine  
  55  5:47  SCV, Marine, Refinery  
  55  5:49  Medivac  
  60  5:52  SCV  
  61  5:58  Barracks Tech Lab  
  61  6:00  Marine  
  62  6:04  SCV  
  63  6:15  Marine  
  63  6:16  Marine  
  65  6:29  Marine x2  
  67  6:33  Marine  
  67  6:34  Marine  
  67  6:37  Planetary Fortress  
  69  6:47  Marine  
  70  7:15  Terran Vehicle Weapons Level 1  
  70  7:24  Terran Infantry Weapons Level 2  
  70  7:29  Command Center  
  70  7:36  Refinery  
  70  7:38  Refinery  
  70  7:55  Supply Depot x2  
  70  7:56  Supply Depot  
  70  8:16  Cyclone, SCV, Marine x4  
  70  8:17  SCV  
  79  8:28  SCV  
  79  8:29  SCV  
  79  8:34  Marine x4  
  81  8:38  Stimpack  
  81  8:40  SCV  
  86  8:41  SCV  
  87  8:51  Marine x2, Refinery  
  87  8:52  SCV  
  87  8:53  SCV  
  91  9:05  SCV  
  91  9:09  Marine x2  
  94  9:14  Marine x2  
  94  9:16  Terran Infantry Armor Level 2  
  94  9:17  SCV  
  97  9:22  Terran Vehicle Weapons Level 2  
  97  9:25  Medivac  
  97  9:27  Marine x2  
  97  9:29  SCV  
  102  9:33  Marine  
  102  9:34  Marine  
  102  9:37  Factory  
  104  9:39  Factory  
  104  9:41  SCV  
  104  9:45  Cyclone, Marine  
  109  9:49  Supply Depot x2  
  109  9:50  Supply Depot  
  109  9:58  Refinery  
  109  10:02  SCV  
  109  10:10  SCV x2, Marine x2  
  109  10:14  SCV  
  114  10:17  Cyclone  
  117  10:23  Terran Infantry Weapons Level 3, SCV x2  
  117  10:26  Factory Tech Lab  
  117  10:27  Factory Tech Lab  
  119  10:29  Marine x4  
  119  10:35  Medivac, SCV  
  126  10:46  Marine  
  126  10:47  SCV, Marine x2  
  126  10:49  Starport  
  130  10:50  SCV  
  130  10:51  SCV  
  132  10:59  SCV  
  133  11:27  Starport Tech Lab, Command Center  
  133  11:40  Supply Depot  
  133  11:41  Supply Depot x3  
  133  11:43  Supply Depot  
  133  11:57  Terran Infantry Armor Level 3  
  133  12:01  Marine x2  
  133  12:02  Cyclone x3, Marine x2  
  146  12:13  Terran Vehicle Weapons Level 3  
  146  12:19  Marine x2  
  146  12:20  Marine x2  
  150  12:29  Fusion Core  
  150  12:34  Cyclone x2  
  157  12:37  Marine x2  
  157  12:38  Marine x2  
  160  12:49  Refinery  
  140  12:55  Marine x4  
  54  13:13  Cyclone x3, Marine x4  
  65  13:31  Marine x4  
  69  13:45  Cyclone x2, Siege Tank  
  78  13:48  Marine x2  
  78  13:49  Marine x2  
  82  14:06  Marine x2  
  82  14:07  Marine x2  
  55  14:17  Siege Tank  
  55  14:18  Siege Tank  
  61  14:24  Marine x4  
  65  14:42  Medivac, Marine x4  
  65  14:45  Medivac  
  73  14:49  Siege Tank  
  76  15:00  Marine x4  
  80  15:12  Medivac  
  82  15:15  Medivac  
  82  15:17  Marine x2  
  82  15:18  Marine x2  
  62  15:35  Marine x2  
  60  15:36  Marine x2  
  64  15:43  Siege Tank x2  
  70  15:53  Marine x2  
  72  16:04  Sensor Tower  
  72  16:06  Command Center  
  72  16:15  Siege Tank x3  
  81  16:46  Refinery  
  81  16:47  Siege Tank x3  
  81  16:48  Refinery  
  59  17:19  Siege Tank  
  59  17:35  Marine x2  
  44  17:48  Orbital Command  
  37  17:58  Marine x2  
  37  17:59  Marine  
  40  18:19  Marine x4  
  43  18:24  SCV  
  45  18:36  SCV  
  45  18:37  Marine x4  
  45  18:41  Factory  
  50  18:43  Factory  
  50  18:48  SCV  
  50  18:52  Battlecruiser  
  50  18:55  Marine x3, Terran Vehicle And Ship Armor Level 1  
  60  18:57  Marine  
  61  19:12  Marine  
  61  19:13  SCV, Marine x2  
  61  19:14  SCV  
  61  19:15  Marine  
  67  19:24  Factory Tech Lab  
  67  19:26  SCV  
  67  19:27  Factory Tech Lab  
  67  19:30  Marine x3  
  71  19:32  Marine  
  71  19:38  SCV  
  73  19:39  Factory  
  73  19:45  Factory  
  61  19:50  SCV  
  61  19:51  Siege Tank x2  
  60  19:59  Marine  
  57  20:02  SCV, Marine x2  
  53  20:23  Factory Tech Lab  
  53  20:24  Factory Tech Lab  
  52  20:32  Marine x2  
  52  20:34  Marine  
  52  20:35  Marine  
  52  20:41  Factory Tech Lab x2  
  47  20:44  SCV  
  48  20:50  Siege Tank, Marine x2  
  48  20:51  Factory Tech Lab  
  48  20:52  Marine x2  
  48  20:56  SCV  
  56  21:04  SCV  
  57  21:07  Marine  
  57  21:08  SCV  
  59  21:20  SCV  
  59  21:22  Factory Tech Lab, Siege Tank  
  63  21:32  SCV  
  62  21:44  Marine  
  62  21:46  Marine  
  42  21:54  Siege Tank  
Tags
 
Composition
Mech
Matchup
TvT
Opening
2 Factory
Race
Terran
Spawn Locations
Cross Positions
Add a new tag
Caveats
  • Supply blocks, unpowered buildings, or Contaminate may cause inaccurate times.
  • Supply counts are checked every 10 seconds.